 Dungeon Crawl Stone Soup version 0.31-a0-1447-g87ca8d402b (webtiles) character file.

Game seed: 7378504852924742127

141 CowFu the Chopper (level 5, -8/67 HPs)
             Began as a Minotaur Berserker on Dec 27, 2023.
             Was a Believer of Trog.
             Mangled by an orc wizard
             ... wielding a +1 trident of protection
              (9 damage)
             ... on level 3 of the Dungeon.
             The game lasted 00:01:32 (1838 turns).

CowFu the Chopper (Minotaur Berserker)              Turns: 1838, Time: 00:01:33

Health: -8/67      AC:  2    Str: 24    XL:     5   Next: 3%
Magic:  4/4        EV: 12    Int:  4    God:    Trog [**....]
Gold:   97         SH:  0    Dex:  9    Spells: 4/4 levels left

rFire   . . .        a - +1 hand axe
rCold   . . .        (no shield)
rNeg    . . .        b - +0 animal skin
rPois   .            (helmet restricted)
rElec   .            e - scarf {+Inv}
rCorr   .            (no gloves)
SInv    .            (no boots)
Will    .....        (no amulet) Stlth
                     (no ring)
HPRegen 0.31/turn    (no ring)
MPRegen 0.09/turn

%: no passive effects
@: berserking, very quick
A: horns 2, retaliatory headbutt
a: Renounce Religion, Evoke Invisibility, Berserk, Trog's Hand


You were on level 3 of the Dungeon.
You worshipped Trog.
Trog was pleased with you.
You visited 1 branch of the dungeon, and saw 3 of its levels.

You collected 97 gold pieces.

Inventory:

Hand Weapons
 a - a +1 hand axe (weapon)
Armour
 b - a +0 animal skin (worn)
 e - a scarf of invisibility (worn)
Scrolls
 d - a scroll of torment {unknown}
 h - a scroll of teleportation {unknown}
Potions
 c - a potion of mutation {unknown}
 f - a potion of enlightenment {unknown}
 g - 2 potions of curing {unknown}
 i - a potion of degeneration {unknown}
 j - a potion of haste {unknown}


   Skills:
 - Level 3.6 Fighting
 + Level 7.0 Axes
 - Level 2.4 Armour
 - Level 2.1 Dodging


You had 4 spell levels left.
You didn't know any spells.
Your spell library was empty.

Dungeon Overview and Level Annotations

Branches:
Dungeon (3/15)

Altars:
Hepliaklqana


Innate Abilities, Weirdness & Mutations

You have a pair of horns on your head.
You reflexively headbutt those who attack you in melee.


Message History

There are monsters nearby!
You closely miss the orc priest.
The orc priest is severely wounded.
You hit the orc.
The orc wizard hits you from afar with a +1 trident of protection.
The orc barely misses you.
There are monsters nearby!
You slash the orc priest!
You kill the orc priest!
Trog accepts your kill.
You closely miss the orc. The orc wizard closely misses you.
The orc barely misses you.
You have reached level 5!
The orc wizard gestures wildly while chanting.
The orc wizard flickers and vanishes!
Deactivating autopickup; reactivate with Ctrl-A.
The orc hits you with a +0 short sword.
You miss something. You hit the orc. Something hits you!
The orc hits you with a +0 short sword.
Okay, then.
You closely miss something. You hit the orc.
You kill the orc!
Trog accepts your kill. Something hits you but does no damage.
Your Axes skill increases to level 7!
You hit something but do no damage. Something hits you.
You closely miss something. Something hits you!
You miss something. Something barely misses you.
You hit something. Your headbutt misses something. Something hits you.
* * * LOW HITPOINT WARNING * * *
You hit something but do no damage. Something hits you.
* * * LOW HITPOINT WARNING * * *
You barely miss something. Your headbutt misses something. Something hits you.
* * * LOW HITPOINT WARNING * * *
A red film seems to cover your vision as you go berserk!
You feel yourself moving faster!
You feel mighty! Something hits you.
* * * LOW HITPOINT WARNING * * *
You hit something but do no damage. You barely miss something.
Your headbutt misses something. Something hits you!
You die...

#.# #.# #.# ### #.#
..##############.#
................>#
#.##############'######
#.# #..)......# #.#
#...@)....# #.#
#...{.....# #.#
#.........# #'######
#.........# .......#
.........?.# .......#
.##.........# .......#
# ####.###### .......#
#.# #+######


There were no monsters in sight!

Vanquished Creatures
  An orc priest (D:3)
  A hound (D:3)
  3 adders
  3 worms (D:2)
  An orc (D:3)
  5 endoplasms
  3 hobgoblins (D:1)
  2 kobolds
  2 quokkas
  6 ball pythons (D:1)
  7 bats
  6 frilled lizards
  7 goblins
  4 rats
51 creatures vanquished.

Notes
Turn   | Place    | Note
-------+----------+-------------------------------------------
     0 | D:1      | CowFu the Minotaur Berserker began the quest for the Orb.
     0 | D:1      | Reached XP level 1. HP: 19/19 MP: 0/0
   124 | D:1      | Reached skill level 4 in Axes
   150 | D:1      | Reached XP level 2. HP: 21/26 MP: 1/1
   332 | D:1      | Reached ** piety under Trog
   399 | D:1      | Reached skill level 5 in Axes
   533 | D:1      | Reached XP level 3. HP: 31/31 MP: 2/2
  1324 | D:2      | Reached XP level 4. HP: 36/39 MP: 3/3
  1509 | D:3      | Reached skill level 6 in Axes
  1553 | D:3      | Found a hazy altar of Hepliaklqana.
  1827 | D:3      | Reached XP level 5. HP: 33/45 MP: 4/4
  1830 | D:3      | Reached skill level 7 in Axes
  1836 | D:3      | HP: 1/67 [something (4)]
  1838 | D:3      | Mangled by an orc wizard

Illustrated notes

Levels and vault maps discovered:
D:1:      minmay_arrival_jagged, layout_basic
D:2:      layout_basic, minmay_misc_feat_secret_circle
D:3:      layout_basic, nicolae_ru_the_path_less_chosen, lemuel_crystal_altar,
          shapermc_ecumenical_altar_pompeii, uniq_crazy_yiuf_cottage

Skill      XL: |  1  2  3  4  5 |
---------------+----------------+-----
Axes           | 4 5 6 7 |  7.0
Fighting       | |  3.6
Armour         | |  2.4
Dodging        | |  2.1

Action                     |  1- 3 |  4- 6 || total
---------------------------+-------+-------++-------
  Melee: Hand axe          |    93 |    30 ||   123
         Headbutt          |    11 |     2 ||    13
 Invoke: Berserk           |       |     1 ||     1
    Use: Scroll            |       |     1 ||     1
   Stab: Sleeping          |     3 |       ||     3
 Armour: Animal skin       |    40 |    19 ||    59
  Dodge: Dodged            |    54 |    24 ||    78

Table legend: (Time is in decaauts)
 A = Elapsed time spent in this place.
 B = Non-inter-level travel time spent in this place.
 C = Inter-level travel time spent in this place.
 D = Time resting spent in this place.
 E = Time spent auto-exploring this place.
 F = Levels seen in this place.
 G = Mean time per level.
                   A        B        C        D        E       F      G
               +--------+--------+--------+--------+--------+-----+--------+
         Total |   1841 |   1784 |     57 |      0 |   1460 |   3 |  613.7 |
       Dungeon |   1841 |   1784 |     57 |      0 |   1460 |   3 |  613.7 |
               +--------+--------+--------+--------+--------+-----+--------+

Top non-repeatable levels by time:
     D:2: 819 daAuts
     D:1: 687 daAuts
     D:3: 334 daAuts
